 Dungeon Crawl Stone Soup version 0.28-a0-1506-g3893175d92 (webtiles) character file.

Game seed: 16018961670212484168

738 leviel the Chopper (level 7, 0/62 HPs)
             Began as a Hill Orc Fighter on Jan 13, 2022.
             Splashed by a jelly's acid (7 damage)
             ... on level 5 of the Dungeon.
             The game lasted 00:08:23 (3877 turns).

leviel the Chopper (Hill Orc Fighter)               Turns: 3877, Time: 00:08:23

Health: 0/62       AC: -3    Str: 18 (21) XL:     7   Next: 75%
Magic:  7/7        EV:  9    Int:  5 (8)  God:
Gold:   197        SH:  4    Dex:  8 (10) Spells: 6/6 levels left

rFire   . . .      SeeInvis .   a - +0 war axe
rCold   . . .      Faith    .   c - +0 buckler
rNeg    . . .      Spirit   .   b - +1 scale mail
rPois   .          Reflect  .   (no helmet)
rElec   .          Harm     .   (no cloak)
rCorr   .          Rampage  .   (no gloves)
Will    .....                   (no boots)
Stlth   ..........              (no amulet)
HPRegen 0.20/turn               (no ring)
MPRegen 0.10/turn               (no ring)

@: corroded
A: no striking features
a: no special abilities


You were on level 5 of the Dungeon.
You visited 1 branch of the dungeon, and saw 5 of its levels.

You collected 197 gold pieces.

Inventory:

Hand Weapons
 a - a +0 war axe (weapon)
Armour
 b - a +1 scale mail (worn)
 c - a +0 buckler (worn)
Wands
 d - a wand of flame (14) (quivered)
 g - a wand of polymorph (6)
 j - a wand of digging (3)
 m - a wand of paralysis (7)
Scrolls
 k - a scroll of amnesia
 o - a scroll of teleportation
Potions
 e - a potion of flight {unknown}
 f - a potion of mutation {unknown}
 h - a potion of magic {unknown}
 i - a potion of curing {unknown}
 n - a potion of brilliance {unknown}
 p - a potion of degeneration


   Skills:
 + Level 5.8 Fighting
 * Level 6.8 Axes
 + Level 5.1 Armour
 + Level 5.1 Shields
 + Level 1.7 Evocations


You had 6 spell levels left.
You didn't know any spells.
Your spell library contained the following spells:

 Spells                   Type           Power      Damage    Failure   Level
 Ozocubu's Armour         Ice            0%         N/A       99%         3
 Metabolic Englaciation   Hex/Ice        0%         N/A       100%        5
 Simulacrum               Ice/Necr       0%         N/A       100%        6
 Ozocubu's Refrigeration  Ice            0%         4d5       100%        7


Dungeon Overview and Level Annotations

Branches:
Dungeon (5/15)
 Temple: D:4-7

Altars:
Cheibriados
Fedhas
Sif Muna
Uskayaw


Message History

p - 2 orange potions (gained 1)
A jelly comes into view.
The jelly quivers.
A jelly is nearby!
A jelly is nearby!
You hit the jelly.
Your hands burn!
The jelly is moderately wounded.
The jelly hits you but does no damage.
You hit the jelly. The acid corrodes you!
Your hands burn!
The jelly is heavily wounded.
The jelly hits you. The acid corrodes you!
You are splashed with acid!
You are too injured to fight recklessly!
You are too injured to fight recklessly!
You are too injured to fight recklessly!
You are too injured to fight recklessly!
You are too injured to fight recklessly!
You are too injured to fight recklessly!
You are too injured to fight recklessly!
You are too injured to fight recklessly!
You slash the jelly!
Your hands burn!
The jelly is almost dead.
The jelly hits you.
You are splashed with acid!
You hit the jelly but do no damage. The acid corrodes you!
Your hands burn!
The jelly is almost dead.
The jelly hits you.
You are splashed with acid!
You hit the jelly but do no damage.
Your hands burn!
* * * LOW HITPOINT WARNING * * *
The jelly is almost dead.
The jelly hits you.
* * * LOW HITPOINT WARNING * * *
The acid corrodes you!
You are splashed with acid!
* * * LOW HITPOINT WARNING * * *
Okay, then.
It was a potion of degeneration.
There was something very wrong with that liquid.
You feel weakened.
You feel dopey.
You feel clumsy. The jelly hits you.
* * * LOW HITPOINT WARNING * * *
You are splashed with acid!
You die...

.........## ##....###..
..........###..[........
#.......................
........................
.....>#...............#
......#................
#.##..######.......#####
# #. ##...##.....##...##
..##.....##..@##.....##
#.......#..J#.......#
#.....÷.÷...'.......#
#.......#...#.......#
##.....##...##.....##
##...###...###...##
##### #...# ##### #...#
#...#


You could see a jelly.

Vanquished Creatures
  An ice beast (D:5)
  A necrophage (D:5)
  A phantom (D:5)
  2 hounds
  An orc priest (D:3)
  Jessica (D:3)
  Terence (D:2)
  Natasha (thrice) (D:2)
  An orc wizard (D:4)
  2 hound skeletons (D:4)
  10 adders
  An ufetubus (D:4)
  An adder skeleton (D:2)
  2 worms
  2 dart slugs
  22 orcs
  6 ball pythons
  7 bats
  8 endoplasms
  3 giant cockroaches
  10 goblins
  7 hobgoblins
  3 jackals (D:3)
  A quokka (D:2)
  3 frilled lizards
  5 kobolds
  5 rats
110 creatures vanquished.

Notes
Turn   | Place    | Note
-------+----------+-------------------------------------------
     0 | D:1      | leviel the Hill Orc Fighter began the quest for the Orb.
     0 | D:1      | Reached XP level 1. HP: 19/19 MP: 1/1
    91 | D:1      | Reached XP level 2. HP: 17/27 MP: 2/2
    92 | D:1      | Reached skill level 3 in Axes
   555 | D:1      | Reached XP level 3. HP: 28/33 MP: 3/3
   740 | D:1      | Upgraded the game from 0.28-a0-1493-g08698888e4 to
                  | 0.28-a0-1506-g3893175d92
   765 | D:2      | Found a faded altar of an unknown god.
   782 | D:2      | Noticed Terence
   790 | D:2      | Killed Terence
   791 | D:2      | Reached XP level 4. HP: 18/41 MP: 4/4
  1170 | D:2      | Reached skill level 4 in Axes
  1219 | D:2      | Noticed Natasha
  1230 | D:2      | Killed Natasha
  1231 | D:2      | Reached XP level 5. HP: 11/47 MP: 5/5
  1579 | D:2      | Noticed Natasha
  1583 | D:2      | Killed Natasha
  1717 | D:2      | Noticed Natasha
  1722 | D:2      | Killed Natasha
  1832 | D:3      | Reached skill level 5 in Axes
  1832 | D:3      | Reached XP level 6. HP: 46/55 MP: 6/6
  1838 | D:3      | Reached skill level 5 in Fighting
  2146 | D:3      | Found a blossoming altar of Fedhas.
  2239 | D:3      | Noticed Jessica
  2251 | D:3      | Found a shimmering blue altar of Sif Muna.
  2253 | D:3      | Killed Jessica
  2781 | D:4      | Found a hide-covered altar of Uskayaw.
  3182 | D:4      | Reached XP level 7. HP: 40/61 MP: 7/7
  3320 | D:4      | Found a snail-covered altar of Cheibriados.
  3415 | D:4      | Noticed a +0 dagger
  3418 | D:4      | Noticed a +0 hand axe
  3481 | D:5      | Entered Level 5 of the Dungeon
  3560 | D:5      | Reached skill level 6 in Axes
  3560 | D:5      | Reached skill level 1 in Evocations
  3602 | D:5      | Reached skill level 5 in Armour
  3602 | D:5      | Reached skill level 5 in Shields
  3877 | D:5      | Splashed by a jelly's acid

Illustrated notes

Levels and vault maps discovered:
D:1:      dpeg_arrival_line_fractal, layout_rooms
D:2:      layout_rooms, basic_ecumenical_altar, minmay_misc_feat_columns,
          hangedman_decor_points, hangedman_feature_mirror, uniq_natasha,
          uniq_terence
D:3:      layout_rooms, general_overflow_altar, tgw_sif, hex_intersection,
          minmay_crystal_water, st_stairs_4
D:4:      layout_gridville, dancing_weapons_uskayaw,
          mainiacjoe_overflow_alcove_4
D:5:      kennysheep_six_static_rooms, layout_cave_pools, uniq_edmund

Skill      XL: |  1  2  3  4  5  6  7 |
---------------+----------------------+-----
Axes           | 3 4 5 6 |  6.8
Fighting       | 4 5 |  5.8
Armour         | 4 5 |  5.1
Shields        | 4 5 |  5.1
Evocations     | 1 |  1.7

Action                   |  1- 3 |  4- 6 |  7- 9 || total
-------------------------+-------+-------+-------++-------
Melee: War axe           |    65 |   193 |    38 ||   296
Evoke: Wand              |       |     8 |       ||     8
  Use: Potion            |     1 |       |     1 ||     2
       Scroll            |       |     4 |     3 ||     7
Armor: Scale mail        |    35 |   112 |    20 ||   167
Dodge: Dodged            |    34 |    99 |    18 ||   151
Block: Buckler           |    11 |    43 |     7 ||    61

Table legend: (Time is in decaauts)
 A = Elapsed time spent in this place.
 B = Non-inter-level travel time spent in this place.
 C = Inter-level travel time spent in this place.
 D = Time resting spent in this place.
 E = Time spent auto-exploring this place.
 F = Levels seen in this place.
 G = Mean time per level.
                   A        B        C        D        E       F      G
               +--------+--------+--------+--------+--------+-----+--------+
         Total |   3980 |   3883 |     97 |    619 |   2434 |   5 |  796.0 |
       Dungeon |   3980 |   3883 |     97 |    619 |   2434 |   5 |  796.0 |
               +--------+--------+--------+--------+--------+-----+--------+

Top non-repeatable levels by time:
     D:2: 1102 daAuts
     D:3: 880 daAuts
     D:4: 813 daAuts
     D:1: 782 daAuts
     D:5: 402 daAuts
